 Dungeon Crawl Stone Soup version 0.19.1 (webtiles) character file.

79 Kladdkaka the Magician (level 4, 0/30 HPs)
             Began as a Demonspawn Wanderer on Nov 23, 2016.
             Succumbed to an adder's poison
             ... on level 2 of the Dungeon.
             The game lasted 00:06:03 (2311 turns).

Kladdkaka the Magician (Demonspawn Wanderer)        Turns: 2311, Time: 00:06:04

Health: 0/30       AC:  5    Str:  9    XL:     4   Next: 16%
Magic:  3/10       EV: 11    Int: 14    God:
Gold:   87         SH:  4    Dex: 13    Spells: 4 memorised, 1 level left

rFire  . . .     SeeInvis .     e - +0 club
rCold  . . .     Gourm    .     d - +0 robe
rNeg   . . .     Faith    .     (no shield)
rPois  .         Spirit   .     b - +0 helmet
rElec  .         Reflect  .     (no cloak)
rCorr  .         Harm     .     (no gloves)
MR     .....                    m - +1 pair of boots
Stlth  +.........               (no amulet)
                                (no ring)
                                g - -3 ring of strength (curse)

@: lethally poisoned (0 -> -4)
A: talons 1, large bone plates 1, powered by death 1
a: no special abilities


You were on level 2 of the Dungeon.
You were hungry.

You visited 1 branch of the dungeon, and saw 2 of its levels.

You collected 87 gold pieces.

Inventory:

Hand Weapons
 e - a +0 club (weapon)
Armour
 b - a +0 helmet (worn)
 d - a +0 robe (worn)
 m - a +1 pair of boots (worn)
Jewellery
 g - a cursed -3 ring of strength (left hand)
Scrolls
 h - 3 scrolls of remove curse {unknown}
 i - a scroll of noise {unknown}
 j - a scroll of enchant armour {unknown}
 k - 2 scrolls of identify {unknown}
 l - a scroll of amnesia {unknown}
 o - 2 scrolls of enchant weapon {unknown}
Books
 a - a book of Minor Magic

   Spells                             Type                      Level
   a - Magic Dart                     Conjuration                  1
   b - Blink                          Translocation                2
   c - Call Imp                       Summoning                    2
   d - Repel Missiles                 Charms/Air                   2
   e - Slow                           Hexes                        2
   f - Conjure Flame                  Conjuration/Fire             3
   g - Mephitic Cloud                 Conjuration/Poison/Air       3
 c - the Reference Book on Conjuration

   Spells                             Type                      Level
   a - Magic Dart                     Conjuration                  1
   b - Static Discharge               Conjuration/Air              3
Comestibles
 f - 2 bread rations


   Skills:
   Level 1.0 Shields
 - Level 4.3 Spellcasting
 - Level 3.0 Conjurations
   Level 1.0 Summonings
   Level 1.0 Ice Magic
 + Level 1.5 Air Magic
   Level 1.0 Evocations


You had one spell level left.
You knew the following spells:

 Your Spells              Type           Power        Failure   Level  Hunger
a - Magic Dart            Conj           ##..         6%          1    None
b - Static Discharge      Conj/Air       #.......     24%         3    ###....
c - Mephitic Cloud        Conj/Pois/Air  #.......     30%         3    ###....
d - Conjure Flame         Conj/Fire      #.......     30%         3    ###....


Dungeon Overview and Level Annotations

Branches:
Dungeon (2/15)

Altars:
Dithmenos
The Shining One


Innate Abilities, Weirdness & Mutations

You have sharp toenails.
You are partially covered in large bone plates. (SH +4)
You regenerate a little health from kills.


Message History

You are feeling hungry.
* * * LOW HITPOINT WARNING * * *
You feel sick.
Found a stone staircase leading up.
* * * LOW HITPOINT WARNING * * *
You feel sick.
* * * LOW HITPOINT WARNING * * *
You feel sick.
Found a scroll labeled TALUFOMN ZOANINEG.
You see here a jackal corpse.
* * * LOW HITPOINT WARNING * * *
You feel sick.
Found a potion of curing.
* * * LOW HITPOINT WARNING * * *
You feel sick.
Okay, then.
Unknown command.
* * * LOW HITPOINT WARNING * * *
You feel sick.
You die...

#.# ..# #...... #.#
#......# #.#
#......# #.#
###......####
#.###...........##
#.##.............##
#†#......$...?....#
#.#.............@!#
#.#...............#
......†...........#
.>.........<......#
...######.........#
...## #........##
....# #.#.....##
....## #########
#....##


There were no monsters in sight!

Vanquished Creatures
  2 adders (D:2)
  An ooze (D:2)
  A worm (D:2)
  A dart slug (D:1)
  4 leopard geckos (D:1)
  4 giant cockroaches
  3 goblins
  7 hobgoblins
  2 jackals (D:2)
  2 kobolds
  A quokka (D:2)
  A ball python (D:1)
  6 bats
  4 frilled lizards
  5 rats
44 creatures vanquished.

Notes
Turn   | Place    | Note
-------+----------+-------------------------------------------
     0 | D:1      | Kladdkaka the Demonspawn Wanderer began the quest for the Orb.
     0 | D:1      | Kladdkaka set off with: a book of Minor Magic, a potion of curing, the Reference Book on Conjuration, a +0 robe, a +0 club, a bread ration
     0 | D:1      | Reached XP level 1. HP: 13/13 MP: 4/4
     0 | D:1      | Identified the Reference Book on Conjuration
     2 | D:1      | Learned a level 1 spell: Magic Dart
   335 | D:1      | Noticed a big kobold
   335 | D:1      | Noticed a big kobold
   339 | D:1      | Noticed a big kobold
   339 | D:1      | Gained mutation: You have sharp toenails. [demonic ancestry]
   339 | D:1      | Reached XP level 2. HP: 19/19 MP: 1/6
   369 | D:1      | Noticed a big kobold
  1406 | D:1      | Reached skill level 4 in Spellcasting
  1412 | D:1      | Gained mutation: You are partially covered in large bone plates. (SH +4) [demonic ancestry]
  1412 | D:1      | Reached XP level 3. HP: 14/24 MP: 0/8
  1893 | D:2      | Found a shadowy altar of Dithmenos.
  1917 | D:2      | Learned a level 3 spell: Static Discharge
  1921 | D:2      | Learned a level 3 spell: Mephitic Cloud
  1925 | D:2      | Learned a level 3 spell: Conjure Flame
  2054 | D:2      | Reached skill level 1 in Air Magic
  2219 | D:2      | Found a glowing golden altar of the Shining One.
  2275 | D:2      | Gained mutation: You regenerate a little health from kills. [demonic ancestry]
  2275 | D:2      | Reached XP level 4. HP: 22/30 MP: 3/10
  2306 | D:2      | HP: 1/30 [poisoned by an adder]
  2311 | D:2      | Succumbed to an adder's poison

Skill      XL: |  1  2  3 |
---------------+----------+-----
Spellcasting   | 4 |  4.3
Air Magic      | 1 |  1.5
Shields        | |  1.0
Conjurations   | |  3.0
Summonings     | |  1.0
Ice Magic      | |  1.0
Evocations     | |  1.0

Action                   |  1- 3 |  4- 6 || total
-------------------------+-------+-------++-------
Melee: Club              |    30 |    10 ||    40
 Cast: Magic Dart        |    97 |     3 ||   100
       Static Discharge  |     1 |       ||     1
  Use: Potion            |     1 |     2 ||     3
  Eat: Chunk             |     4 |       ||     4
Armor: Robe              |    23 |     3 ||    26
Dodge: Dodged            |    33 |     8 ||    41
Block: Other             |     4 |     5 ||     9
